 Dungeon Crawl Stone Soup version 0.29.1-15-g9cfb28693d (webtiles) character file.

Game seed: 98369751010646430

4963 Anriel the Basher (level 10, -20/81 HPs)
             Began as a Minotaur Fighter on Feb 28, 2023.
             Was a Believer of Okawaru.
             Shot with a bolt by a tengu warrior (25 damage)
             ... on level 9 of the Dungeon.
             The game lasted 00:42:44 (9243 turns).

Anriel the Basher (Minotaur Fighter)                Turns: 9243, Time: 00:42:44

Health: -20/81     AC: 17    Str: 25    XL:     10   Next: 28%
Magic:  8/9        EV:  8    Int:  5    God:    Okawaru [**....]
Gold:   177        SH:  6    Dex: 10    Spells: 9/9 levels left

rFire   . . .      SeeInvis +   n - +0 morningstar (drain)
rCold   . . .      Faith    .   c - +1 buckler
rNeg    . . .      Spirit   .   t - +0 plate armour
rPois   .          Reflect  .   (helmet restricted)
rElec   .          Harm     .   (no cloak)
rCorr   .          Rampage  .   f - +2 pair of gloves
Will    .....                   (no boots)
Stlth   ..........              (no amulet)
HPRegen 0.23/turn               g - ring of see invisible
MPRegen 0.11/turn               (no ring)

@: hasted, very quick
A: horns 2, retaliatory headbutt
a: Renounce Religion, Heroism


You were on level 9 of the Dungeon.
You worshipped Okawaru.
Okawaru was pleased with you.
You visited 2 branches of the dungeon, and saw 10 of its levels.
You also visited: Sewer.

You collected 372 gold pieces.
You spent 195 gold pieces at shops.

Inventory:

Hand Weapons
 a - a +0 vorpal flail
 n - a +0 morningstar of draining (weapon)
Missiles
 i - 8 poisoned darts (quivered)
Armour
 c - a +1 buckler (worn)
 f - a +2 pair of gloves (worn)
 t - a +0 plate armour (worn)
Jewellery
 e - a ring of ice
 g - a ring of see invisible (left hand)
Wands
 j - a wand of flame (15)
 k - a wand of quicksilver (1)
Potions
 b - a potion of haste
 d - a potion of ambrosia {unknown}
 h - a potion of magic
 l - 2 potions of curing
 m - 3 potions of cancellation
 o - a potion of flight {unknown}
 q - 5 potions of lignification
 r - 2 potions of mutation
 s - a potion of invisibility {unknown}
 u - 3 potions of brilliance


   Skills:
 - Level 5.0 Fighting
 + Level 10.6 Maces & Flails
 - Level 5.1 Throwing
 + Level 9.3 Armour
 - Level 5.0 Dodging
 - Level 5.0 Shields
 + Level 5.4 Evocations


You had 9 spell levels left.
You didn't know any spells.
Your spell library contained the following spells:

 Spells                   Type           Power      Damage    Failure   Level
 Freeze                   Ice            0%         1d3       100%        1
 Frozen Ramparts          Ice            0%         1d1       100%        3
 Hailstorm                Conj/Ice       0%         3d3       100%        4


Dungeon Overview and Level Annotations

Branches:
Dungeon (9/15)             Temple (1/1) D:6           Sewer (visited)
   Lair: D:8-11         Orc: D:9-12

Altars:
Ashenzari
Cheibriados
Dithmenos
Elyvilon
Fedhas
Gozag
Hepliaklqana
Kikubaaqudgha
Makhleb
Nemelex Xobeh
Okawaru
Qazlal
Ru
Sif Muna
Trog
Uskayaw
Vehumet
Wu Jian
Xom
Yredelemnul
Zin

Shops:
D:3 (=(

Annotations:
D:9 3 runed translucent doors, Peloso's ghost, journeyman MiFi


Innate Abilities, Weirdness & Mutations

You have a pair of horns on your head.
You reflexively headbutt those who attack you in melee.


Message History

The tengu warrior hits you with a +3 great mace!
The tengu warrior closely misses you.
The tengu warrior claws you but does no damage.
You barely miss the tengu warrior. Your headbutt misses the tengu warrior.
You miss the tengu warrior. You block the tengu warrior's attack.
The tengu warrior pecks you but does no damage.
The tengu warrior completely misses you.
You hit the tengu warrior but do no damage.
The tengu warrior hits you with a +3 great mace!
The tengu warrior pecks you but does no damage.
The tengu warrior barely misses you.
You completely miss the tengu warrior.
You feel like a meek peon again.
The tengu warrior hits you with a +3 great mace!
* * * LOW HITPOINT WARNING * * *
The tengu warrior pecks you but does no damage.
The tengu warrior claws you.
* * * LOW HITPOINT WARNING * * *
You closely miss the tengu warrior. You headbutt the tengu warrior.
The tengu warrior is lightly wounded.
The tengu warrior hits you with a +3 great mace!
* * * LOW HITPOINT WARNING * * *
The tengu warrior pecks you but does no damage.
The tengu warrior claws you but does no damage.
You aren't carrying any scrolls.
You feel much better.
The tengu warrior hits you with a +3 great mace.
* * * LOW HITPOINT WARNING * * *
The tengu warrior pecks you but does no damage.
The tengu warrior claws you but does no damage.
You feel yourself speed up.
The tengu warrior hits you with a +3 great mace!
* * * LOW HITPOINT WARNING * * *
The tengu warrior pecks you.
* * * LOW HITPOINT WARNING * * *
The tengu warrior closely misses you.
The tengu warrior unwields a +3 great mace.
The tengu warrior wields a +0 arbalest.
The tengu warrior shoots a bolt.
The bolt hits you!!
You die...

####..##......#
######.........#####
...# .......##..##.##
##... ..<#..........#
#..Q# ##.#.######..##
#####... #.#.#
#####.###...#...# #[..#
#.........# #...#
##............#####...#
#.####<...#...@..##.#
#.. ....###..)...Q..#
#####.# #......#### #.
#......# > #........
#......### #.......
#.......# #.#####..


You could see a tengu warrior.

Vanquished Creatures
  Joseph (D:7)
  A tengu conjurer (D:9)
  Prince Ribbit (D:7)
  6 yaks (D:9)
  2 wyverns
  A steam dragon (D:8)
  Menkaure (D:7)
  3 black bears
  4 ice beasts
  An orc warrior (D:7)
  6 ogres
  2 centaurs
  A phantom (D:6)
  A kobold brigand (D:7)
  A bullfrog (D:8)
  A necrophage (D:5)
  3 wights
  A howler monkey (D:6)
  5 hounds
  4 jellies
  3 gnoll boudas
  Ijyb (D:4)
  4 iguanas
  Natasha (thrice) (D:2)
  2 orc wizards (D:5)
  8 adders
  13 gnolls
  4 river rats (Sewer)
  A shadow imp (D:7)
  A white imp (D:7)
  2 worms
  2 dart slugs
  27 orcs
  2 bats (D:2)
  6 endoplasms
  3 giant cockroaches
  7 goblins
  9 hobgoblins
  5 jackals (D:3)
  17 kobolds
  A quokka (D:1)
  14 ball pythons
  15 frilled lizards
  11 rats
207 creatures vanquished.

Vanquished Creatures (others)
  2 plants (D:1)
2 creatures vanquished.

Grand Total: 209 creatures vanquished

Notes
Turn   | Place    | Note
-------+----------+-------------------------------------------
     0 | D:1      | Anriel the Minotaur Fighter began the quest for the Orb.
     0 | D:1      | Reached XP level 1. HP: 19/19 MP: 0/0
   159 | D:1      | Reached XP level 2. HP: 27/27 MP: 1/1
   416 | D:1      | Found a faded altar of an unknown god.
   906 | D:2      | Reached skill level 3 in Maces & Flails
   938 | D:2      | Reached XP level 3. HP: 31/33 MP: 2/2
  1178 | D:2      | Noticed Natasha
  1188 | D:2      | Killed Natasha
  1189 | D:2      | Reached XP level 4. HP: 10/41 MP: 3/3
  1783 | D:2      | Noticed Natasha
  1790 | D:2      | Killed Natasha
  2318 | D:2      | Noticed Natasha
  2350 | D:2      | Killed Natasha
  2587 | D:3      | Reached XP level 5. HP: 47/47 MP: 4/4
  2703 | D:3      | Found a radiant altar of Vehumet.
  2733 | D:3      | Found Suakhlov's Jewellery Shoppe.
  2759 | D:3      | Found Rixi's Antique Weapon Boutique.
  2849 | D:3      | Found a glowing drain.
  2865 | Sewer    | Entered a sewer
  2912 | Sewer    | Reached skill level 4 in Maces & Flails
  3028 | Sewer    | Reached skill level 5 in Shields
  3029 | Sewer    | Reached skill level 5 in Fighting
  3088 | Sewer    | Reached skill level 5 in Armour
  3248 | D:3      | Found Yqeum's Weapon Emporium.
  3365 | D:4      | Noticed Ijyb
  3374 | D:4      | Noticed an ogre
  3639 | D:4      | Killed Ijyb
  3674 | D:4      | Killed an ogre
  3675 | D:4      | Reached skill level 1 in Throwing
  3675 | D:4      | Reached skill level 1 in Dodging
  3675 | D:4      | Reached XP level 6. HP: 53/56 MP: 5/5
  3780 | D:4      | Reached skill level 5 in Maces & Flails
  3826 | D:4      | Reached XP level 7. HP: 53/61 MP: 6/6
  4200 | D:4      | Reached skill level 6 in Maces & Flails
  4687 | D:5      | Entered Level 5 of the Dungeon
  4703 | D:5      | Reached XP level 8. HP: 66/68 MP: 7/7
  4948 | D:5      | Reached skill level 7 in Maces & Flails
  4982 | D:5      | Reached skill level 5 in Dodging
  5625 | D:5      | Reached skill level 5 in Throwing
  5821 | D:6      | Reached skill level 1 in Evocations
  5922 | D:6      | Reached skill level 8 in Maces & Flails
  5932 | D:6      | Found a staircase to the Ecumenical Temple.
  5961 | Temple   | Entered the Ecumenical Temple
  5967 | Temple   | Reached XP level 9. HP: 46/67 MP: 8/8
  6291 | Temple   | Became a worshipper of Warmaster Okawaru
  7125 | D:7      | Noticed Menkaure
  7126 | D:7      | Noticed Joseph
  7182 | D:7      | Killed Menkaure
  7364 | D:7      | Killed Joseph
  7364 | D:7      | Reached * piety under Okawaru
  7365 | D:7      | Reached skill level 9 in Maces & Flails
  7517 | D:7      | Noticed Prince Ribbit
  7539 | D:7      | Killed Prince Ribbit
  8341 | D:3      | Bought a ring of see invisible for 195 gold pieces
  8512 | D:8      | Noticed a death knight
  8513 | D:8      | Noticed a centaur warrior
  8726 | D:9      | Reached skill level 10 in Maces & Flails
  8842 | D:9      | Reached ** piety under Okawaru
  8843 | D:9      | Reached XP level 10. HP: 76/81 MP: 9/9
  8855 | D:9      | Reached skill level 5 in Evocations
  9158 | D:9      | Found a runed translucent gate.
  9159 | D:9      | Found a runed translucent gate.
  9159 | D:9      | Noticed Peloso's ghost (journeyman MiFi)
  9160 | D:9      | Found a runed translucent gate.
  9160 | D:9      | Identified the +0 chain mail "Ydikoid" {rC- Str+4}
  9220 | D:9      | Noticed a tengu warrior
  9243 | D:9      | Shot with a bolt by a tengu warrior

Illustrated notes

Levels and vault maps discovered:
D:1:      amcnicky_arrival_double_pillar, layout_loops_ring,
          shapermc_ecumenical_altar_petra, st_stairs_3,
          chequers_serial_rivers_room_a
D:2:      layout_basic, uniq_natasha
D:3:      layout_rooms, vehumet_crystals, cheibrodos_sewer_entry_bend,
          serial_shops, shop_fountains, shop, nicolae_shop_stone
D:4:      minmay_angry_zag, layout_basic, grunt_ministairs_4,
          minmay_quadrilaterals, uniq_ijyb
D:5:      layout_basic
D:6:      layout_basic, minmay_temple_entry_sparse_star
D:7:      layout_basic, uniq_menkaure, uniq_prince_ribbit1, uniq_joseph
D:8:      layout_basic, nicolae_overflow_hidden_temple, enter_bailey_5,
          minmay_manual_mess, uniq_maggie
D:9:      layout_rooms, biasface_ghost_orc_armoury, serial_curves,
          eino_curves_01, eino_curves_03
Temple:   mainiacjoe_temple_cubbyholes

Skill      XL: |  1  2  3  4  5  6  7  8  9 10 |
---------------+-------------------------------+-----
Fighting       | 4 5 |  5.0
Armour         | 4 5 6 8 9 |  9.3
Shields        | 4 5 |  5.0
Maces & Flails | 3 4 5 6 8 10 | 10.6
Throwing       | 1 2 3 5 |  5.1
Dodging        | 1 2 4 5 |  5.0
Evocations     | 2 4 5 |  5.4

Action                   |  1- 3 |  4- 6 |  7- 9 | 10-12 || total
-------------------------+-------+-------+-------+-------++-------
Melee: Flail             |    83 |   160 |    31 |       ||   274
       Headbutt          |     4 |    22 |    44 |     7 ||    77
       Morningstar       |       |       |   234 |    45 ||   279
Throw: Dart              |       |    10 |    46 |       ||    56
Invok: Heroism           |       |       |     1 |     1 ||     2
Evoke: Wand              |       |       |     6 |       ||     6
  Use: Scroll            |     6 |     8 |    14 |       ||    28
       Potion            |       |       |     3 |     3 ||     6
Armor: Scale mail        |    27 |       |       |       ||    27
       Chain mail        |    15 |   123 |    63 |       ||   201
       Plate armour      |       |       |    68 |    38 ||   106
Dodge: Dodged            |    29 |    58 |    91 |    24 ||   202
Block: Buckler           |    21 |    49 |    55 |    11 ||   136
